 Dungeon Crawl Stone Soup version 0.31-a0-836-g3ceb0a68c4 (webtiles) character file.

Game seed: 1888262843790039096

136303 Kurtz the Severer (level 17, -10/123 HPs)
             Began as an Octopode Fighter on Sept 27, 2023.
             Was a High Priest of Okawaru.
             Shot with a sling bullet by a faun (11 damage)
             ... led by a satyr
             ... on level 3 of the Shoals.
             The game lasted 00:50:35 (24982 turns).

Kurtz the Severer (Octopode Fighter)               Turns: 24982, Time: 00:50:36

Health: -10/123    AC:  9    Str: 20    XL:     17   Next: 21%
Magic:  23/23      EV: 24    Int: 18    God:    Okawaru [*****.]
Gold:   974        SH: 15    Dex: 11    Spells: 18/20 levels left

rFire   + + +        Z - +9 broad axe of Growth {freeze, rF+ Str+3 Dex-5}
rCold   + . .        J - +0 kite shield
rNeg    . . .        c - +0 mask of the Dragon {Will+ Slay+3 SInv}
rPois   .            q - amulet of regeneration
rElec   .            r - +4 ring of protection
rCorr   +            u - +5 ring of evasion
SInv    +            O - ring of protection from cold
Will    +....        D - ring of protection from fire
Stlth   ++++         Y - ring "Wifew" {rF+ Int+6}
HPRegen 1.20/turn    K - ring of resist corrosion
MPRegen 0.18/turn    F - +4 ring of protection
                     p - ring of Aphoj {Will+ Stlth+}

%: no passive effects
@: lit by a corona, weak-willed, afraid, heroic, marked, on berserk cooldown,
slowed, glowing, very slow
A: almost no armour, amphibious, 8 rings, camouflage 1, gelatinous body 1,
(nimble swimmer 1), tentacles
a: Renounce Religion, Heroism, Finesse, Duel


You were on level 3 of the Shoals.
You worshipped Okawaru.
Okawaru was extremely pleased with you.
You visited 4 branches of the dungeon, and saw 24 of its levels.
You visited 1 bazaar.
You also visited: Ice Cave.

You collected 3246 gold pieces.
You spent 2272 gold pieces at shops.

Inventory:

Hand Weapons
 S - the +4 war axe of Animal Spirits {flame, Will+ rCorr}
   (You found it on level 7 of the Dungeon)

   Will+:     It increases your willpower.
   rCorr:     It protects you from acid and corrosion.
 Z - the +9 broad axe of Growth (weapon) {freeze, rF+ Str+3 Dex-5}
   (Okawaru gifted it to you on level 1 of the Lair of Beasts)

   Str+3:     It affects your strength (+3).
   Dex-5:     It affects your dexterity (-5).
   rF+:       It protects you from fire.
Missiles
 n - 18 javelins
 v - a throwing net
 w - 19 poisoned darts
 E - 3 curare-tipped darts (quivered)
 V - 12 silver javelins
Armour
 c - the +0 mask of the Dragon (worn) {Will+ Slay+3 SInv}
   (Okawaru gifted it to you on level 1 of the Lair of Beasts)

   Slay+3:    It affects your accuracy & damage with ranged weapons and melee
   (+3).
   Will+:     It increases your willpower.
   SInv:      It lets you see invisible.
 J - a +0 kite shield (worn)
Jewellery
 p - the ring of Aphoj (on tentacle) {Will+ Stlth+}
   (You acquired it on level 12 of the Dungeon)

   [ring of willpower]

   Will+:     It increases your willpower.
   Stlth+:    It makes you more stealthy.
 q - an amulet of regeneration (around mantle)
 r - a +4 ring of protection (left tentacle)
 u - a +5 ring of evasion (right tentacle)
 D - a ring of protection from fire (on tentacle)
 F - a +4 ring of protection (on tentacle)
 K - a ring of resist corrosion (on tentacle)
 O - a ring of protection from cold (on tentacle)
 Q - a ring of flight
 R - the necklace of Bloodlust {Fury *Rage Will++ Int-3 Slay+6}
   (You found it on level 7 of the Dungeon)

   [amulet of nothing]

   Fury:      It extends the wearer's berserk rage when killing foes.
   Int-3:     It affects your intelligence (-3).
   Slay+6:    It affects your accuracy & damage with ranged weapons and melee
   (+6).
   Will++:    It greatly increases your willpower.
   *Rage:     It berserks you when you make melee attacks (+50% chance).
 W - a +5 ring of evasion
 Y - the ring "Wifew" (on tentacle) {rF+ Int+6}
   (You bought it in a shop in a bazaar)

   [ring of intelligence]

   Int+6:     It affects your intelligence (+6).
   rF+:       It protects you from fire.
Wands
 a - a wand of mindburst (7)
 o - a wand of polymorph (6)
 N - a wand of quicksilver (18)
 T - a wand of iceblast (9)
 U - a wand of flame (16)
Scrolls
 e - a scroll of summoning
 g - 5 scrolls of silence
 i - 2 scrolls of amnesia
 j - 6 scrolls of teleportation
 k - a scroll of enchant weapon
 l - 3 scrolls of poison
 m - 5 scrolls of enchant armour
 s - 2 scrolls of fear
 t - 3 scrolls of revelation
 x - 4 scrolls of vulnerability
 y - 3 scrolls of blinking
 A - a scroll of torment
 P - a scroll of fog
Potions
 b - 3 potions of haste
 d - 6 potions of lignification
 h - 3 potions of cancellation
 z - 3 potions of mutation
 B - 13 potions of curing
 C - 2 potions of enlightenment
 G - 3 potions of heal wounds
 H - 3 potions of brilliance
 I - a potion of invisibility
 L - a potion of ambrosia
 M - 3 potions of might
 X - 3 potions of magic


   Skills:
 + Level 13.5(18.5) Fighting
 - Level 18.0(23.0) Axes
 * Level 11.2(16.2) Dodging
 * Level 11.3(16.3) Stealth
 * Level 15.2(20.2) Shields
 * Level 2.2 Spellcasting
 * Level 2.7 Transmutations
 - Level 8.2 Invocations


You had 18 spell levels left.
You knew the following spells:

 Your Spells              Type           Power      Damage    Failure   Level
a - Wereblood             Tmut           11%        N/A       11%         2

Your spell library contained the following spells:

 Spells                   Type           Power      Damage    Failure   Level
 Freeze                   Ice            8%         1d3       22%         1
 Magic Dart               Conj           8%         1d3       22%         1
 Slow                     Hex            8%         N/A       22%         1
 Blink                    Tloc           4%         N/A       34%         2
 Lesser Beckoning         Tloc           4%         N/A       34%         2
 Scorch                   Fire           4%         2d5       34%         2
 Searing Ray              Conj           4%         2d4       34%         2
 Sublimation of Blood     Necr           2%         N/A       34%         2
 Confusing Touch          Hex            2%         N/A       56%         3
 Frozen Ramparts          Ice            4%         1d1       56%         3
 Gell's Gravitas          Tloc           2%         N/A       56%         3
 Hailstorm                Conj/Ice       2%         3d3       56%         3
 Ozocubu's Armour         Ice            2%         N/A       56%         3
 Sigil of Binding         Hex            2%         N/A       56%         3
 Teleport Other           Tloc           2%         N/A       56%         3
 Vampiric Draining        Necr           2%         2d6       56%         3
 Flame Wave               Conj/Fire      2%         2d4       92%         4
 Fulminant Prism          Conj/Hex       1%         3d5       92%         4
 Manifold Assault         Tloc           2%         N/A       92%         4
 Alistair's Intoxication  Tmut/Pois      4%         N/A       98%         5
 Borgnjor's Vile Clutch   Necr/Erth      1%         N/A       99%         5
 Metabolic Englaciation   Hex/Ice        1%         N/A       99%         5
 Dispersal                Tloc           1%         N/A       100%        6
 Eringya's Noxious Bog    Tmut/Pois      3%         4d6       100%        6
 Disjunction              Tloc           1%         N/A       100%        8
 Chain Lightning          Conj/Air       1%         3d1       100%        9
 Fire Storm               Conj/Fire      1%         7d1       100%        9
 Shatter                  Erth           1%         3d5*      100%        9
 Summon Cactus Giant      Summ           Unusable   N/A       N/A         6
 Summon Hydra             Summ           Unusable   N/A       N/A         7

Dungeon Overview and Level Annotations

Branches:
Dungeon (13/15)            Temple (0/1) D:6            Lair (5/5) D:8
 Shoals (4/4) Lair:2        Snake (0/4) Lair:3        Slime (0/5) Lair:4
    Orc (2/2) D:10            Elf (0/3) Orc:2        Vaults (0/5) D:13
  IceCv (visited)

Altars:
Cheibriados
Dithmenos
Makhleb
Okawaru
Uskayaw
Zin
The Shining One

Shops:
D:13 *   Orc:2 !(:

Annotations:
D:2 1 runed translucent door, Crazy Yiuf
D:5 2 runed translucent doors
D:7 exclusion: Maggie
D:10 exclusions: Nergalle, door and wolf
Lair:4 1 runed translucent door, Bacajoge's ghost, journeyman MeRe
Shoals:4 Louise


Innate Abilities, Weirdness & Mutations

You cannot wear most types of armour.
You are amphibious.
You can wear up to eight rings at the same time.
Your skin changes colour to match your surroundings (Stealth+).
Your rubbery body absorbs attacks. (AC +1, EV +1)
((You are camouflaged when in or above water. (Stealth+)))
You have tentacles for arms and can constrict up to eight enemies at once.


Message History

The faun is almost dead.
You constrict the faun.
The satyr shoots an arrow.
The arrow hits you!!
* * * LOW HITPOINT WARNING * * *
The faun casts a spell at you.
You easily resist.
You slash the faun! You freeze the faun.
You kill the faun!
Okawaru accepts your kill.
The faun shoots a sling bullet.
You block the sling bullet.
The faun shoots a sling bullet.
You block the sling bullet.
The faun shoots a sling bullet.
The sling bullet closely misses you.
The sling bullet hits the faun.
The satyr shoots an arrow.
You block the arrow.
The faun shoots a sling bullet.
You block the sling bullet.
The faun shoots a sling bullet.
You block the sling bullet.
The faun shoots a sling bullet.
The sling bullet hits you but does no damage.
Things that are here:
a +0 club; a +0 sling; a faun corpse Unknown command.
You feel a strong urge to attack something.
You are no longer berserk.
You are exhausted.
You feel yourself slow down.
The faun unwields a +0 sling.
The faun wields a +0 quarterstaff.
The faun hits you with a +0 quarterstaff.
* * * LOW HITPOINT WARNING * * *
The faun shoots a sling bullet.
You block the sling bullet.
The satyr plays a rousing melody on its pipes!
The fauns go into a battle-frenzy!
The faun shoots a sling bullet.
You block the sling bullet.
The faun shoots a sling bullet.
The sling bullet completely misses you.
The faun points at you and mumbles some strange words.
You are outlined in light.
The satyr shoots an arrow.
You block the arrow.
There is a stone staircase leading down here.
The faun unwields a +0 quarterstaff.
The faun wields a +0 sling.
The faun shoots a sling bullet.
You block the sling bullet.
The satyr shoots an arrow.
The arrow hits you!!
* * * LOW HITPOINT WARNING * * *
The faun shoots a sling bullet.
The sling bullet hits you!
You die...

..~~~≈≈≈≈~..~~...........~~#○.○∩.
...(.~≈≈≈~.................#.....
####.~≈≈≈≈.....###..##.....#°.°.°
##..~≈≈~..c.## #####.~~..#°...°
##...~≈≈~..cc########.....#°°°.○
##...~≈≈≈≈.c...............#.○○..
....≈≈~≈≈~.........?.......#.°..°
.~~≈≈≈≈~......)./..........#.°○..
.~~≈≈≈≈...)...#.@..........#○.○.°
~~~~~...###)..c.......~~.........
.~~~...)##..........~............
..~≈~.~...>.....~~(..............
~.~≈≈≈~.........~....~~..........
~..~......~....~..~~~~~~.........
...###..........~~(~~~~..........
...##.....~~...~~~~≈≈≈~~~........
.....###.....~~~~≈≈≈≈≈≈~~~.......


You could see a satyr (scary) and 4 fauns.

Vanquished Creatures
  Nikola (Shoals:3)
  2 krakens
  Donald (Shoals:3)
  Ilsuiw (Shoals:2)
  3 azure jellies (IceCv)
  A rockslime (IceCv)
  4 quicksilver oozes (IceCv)
  3 dire elephants (Lair:5)
  5 merfolk impalers
  A merfolk javelineer (Shoals:3)
  Fannar (D:11)
  An ogre mage (Orc:1)
  A hydra (Lair:2)
  3 catoblepae
  Erolcha (D:10)
  A boulder beetle (D:12)
  A merfolk aquamancer (Shoals:2)
  3 alligator snapping turtles
  3 centaur warriors
  5 two-headed ogres
  11 death yaks
  6 satyrs (Shoals:4)
  Sonja (Lair:2)
  Nergalle (D:10)
  Lodul (D:10)
  7 skysharks
  A fire crab (Lair:4)
  9 sea snakes
  A spectral anaconda (Lair:5)
  A skeletal warrior (D:12)
  An obsidian statue (Lair:5)
  3 deep elf pyromancers
  2 orange crystal statues (IceCv)
  13 harpies
  5 orc knights
  4 necromancers (Lair:5)
  11 manticores
  2 orc sorcerers
  An ugly thing (D:13)
  4 cyclopes
  15 fauns
  9 elephants
  6 black mambas
  A dire elephant zombie (Lair:5)
  2 water nymphs
  3 ice statues
  6 merfolk sirens
  A gargoyle (D:12)
  11 cane toads
  Jeremiah (D:7)
  2 unseen horrors
  4 rime drakes
  Maggie (D:7)
  7 komodo dragons
  A dire elephant skeleton (Lair:5)
  A kobold demonologist (D:11)
  37 merfolk
  3 trolls
  2 polar bears
  3 wind drakes
  7 snapping turtles
  5 dream sheep
  16 blink frogs
  A spectral elephant (Lair:5)
  Sigmund (D:2)
  29 slime creatures
  4 fire bats (Lair:5)
  3 wraiths
  10 water elementals
  A dire elephant simulacrum (Lair:5)
  A shadow (D:12)
  34 yaks
  Eustachio (D:5)
  6 wyverns
  Grum (D:10)
  A basilisk (D:8)
  2 wargs (Orc:2)
  A death yak simulacrum (Lair:5)
  7 vampire mosquitoes
  3 acid dragons
  A naga (Lair:3)
  15 water moccasins
  3 black bears
  4 ice beasts
  A sky beast (D:7)
  33 orc warriors
  3 great orb of eyes simulacra (IceCv)
  20 wolves
  A boggart (D:10)
  An elephant zombie (Lair:5)
  16 centaurs
  10 ogres
  2 phantoms
  An elephant skeleton (Lair:5)
  6 slime creature simulacra (IceCv)
  Blork the orc (D:5)
  3 kobold brigands
  7 bullfrogs
  2 gnoll sergeants
  A scorpion (D:5)
  A cane toad simulacrum (Lair:5)
  4 glowing shapeshifter simulacra (IceCv)
  7 wights
  2 elephant simulacra (Lair:5)
  2 howler monkeys
  A quasit (D:8)
  5 hounds
  10 orc priests
  6 jellies
  3 sleepcaps
  2 iguanas (D:5)
  16 orc wizards
  Ijyb (D:5)
  5 hell rats (Lair:5)
  Terence (D:2)
  10 gnolls
  A river rat (D:13)
  9 adders
  A shadow imp (D:7)
  2 white imps
  An ufetubus (D:5)
  A worm (D:3)
  2 dart slugs (D:4)
  59 orcs
  9 bats
  11 endoplasms
  2 giant cockroaches
  5 hobgoblins
  6 quokkas
  10 ball pythons
  2 frilled lizards
  5 goblins
  A goblin zombie (D:8)
  3 hobgoblin zombies (D:8)
  23 kobolds
  2 kobold skeletons (D:8)
  A kobold zombie (D:8)
  2 orc skeletons (D:8)
  8 rats
  4 tentacles
754 creatures vanquished.

Vanquished Creatures (others)
  A rime drake (Lair:4)
  4 tentacles
5 creatures vanquished.

Grand Total: 759 creatures vanquished

Notes
Turn   | Place    | Note
-------+----------+-------------------------------------------
     0 | D:1      | Kurtz the Octopode Fighter began the quest for the Orb.
     0 | D:1      | Reached XP level 1. HP: 16/16 MP: 1/1
    16 | D:1      | Reached XP level 2. HP: 21/21 MP: 2/2
   196 | D:1      | Reached skill level 3 in Axes
   336 | D:1      | Reached XP level 3. HP: 26/26 MP: 3/3
   984 | D:2      | Reached skill level 4 in Axes
   998 | D:2      | Reached XP level 4. HP: 25/31 MP: 4/4
  1069 | D:2      | Noticed Sigmund
  1076 | D:2      | Killed Sigmund
  1077 | D:2      | Reached skill level 6 in Axes
  1077 | D:2      | Reached XP level 5. HP: 31/36 MP: 5/5
  1303 | D:2      | Reached XP level 6. HP: 42/42 MP: 6/6
  1341 | D:2      | Noticed Terence
  1355 | D:2      | Killed Terence
  1713 | D:2      | Found a runed translucent door.
  1714 | D:2      | Noticed Crazy Yiuf
  2169 | D:3      | Found a faded altar of an unknown god.
  2481 | D:3      | Found a glowing silver altar of Zin.
  2762 | D:4      | Reached skill level 7 in Axes
  2993 | D:4      | Reached XP level 7. HP: 14/46 MP: 7/7
  3379 | D:4      | Reached skill level 8 in Axes
  3520 | D:5      | Entered Level 5 of the Dungeon
  3651 | D:5      | Noticed Blork the orc
  3685 | D:5      | Noticed Eustachio
  3711 | D:5      | Reached skill level 9 in Axes
  3711 | D:5      | Reached XP level 8. HP: 35/52 MP: 8/8
  3712 | D:5      | Killed Eustachio
  3716 | D:5      | Killed Blork the orc
  4127 | D:5      | Noticed Ijyb
  4156 | D:5      | Killed Ijyb
  4173 | D:5      | Found a large runed translucent door.
  4173 | D:5      | Found a large runed translucent door.
  4173 | D:5      | You fall into a shaft and drop 2 floors!
  4198 | D:7      | Noticed Maggie
  4295 | D:8      | Reached skill level 10 in Axes
  4473 | D:6      | Reached skill level 11 in Axes
  4488 | D:6      | Identified the +0 ring mail of Minor Irritation {Int+3}
  4498 | D:6      | Found an iron altar of Okawaru.
  4503 | D:6      | Became a worshipper of Warmaster Okawaru
  4897 | D:6      | Reached XP level 9. HP: 56/56 MP: 9/9
  4948 | D:6      | Found a snail-covered altar of Cheibriados.
  4954 | D:6      | Found a hide-covered altar of Uskayaw.
  5034 | D:6      | Found a staircase to the Ecumenical Temple.
  5136 | D:6      | Reached skill level 1 in Invocations
  5533 | D:7      | Noticed an ice statue
  5629 | D:7      | Noticed Jeremiah
  5961 | D:7      | Killed Jeremiah
  5961 | D:7      | Reached * piety under Okawaru
  6288 | D:7      | Killed Maggie
  6288 | D:7      | Reached ** piety under Okawaru
  6289 | D:7      | Reached skill level 12 in Axes
  6652 | D:7      | Reached XP level 10. HP: 42/65 MP: 12/12
  6834 | D:8      | Found a staircase to the Lair.
  6966 | D:8      | Noticed an elephant
  6995 | D:8      | Killed an elephant
  6995 | D:8      | Reached *** piety under Okawaru
  7217 | D:8      | Found a glowing golden altar of the Shining One.
  7414 | D:8      | Noticed a two-headed ogre
  7439 | D:8      | Killed a two-headed ogre
  7439 | D:8      | Reached **** piety under Okawaru
  7440 | D:8      | Reached skill level 5 in Fighting
  7440 | D:8      | Reached skill level 13 in Axes
  7973 | D:9      | Reached skill level 5 in Shields
  8022 | D:9      | Reached ***** piety under Okawaru
  8412 | D:9      | Reached skill level 5 in Dodging
  8533 | D:9      | Reached XP level 11. HP: 49/72 MP: 6/14
  8547 | D:9      | Reached skill level 5 in Invocations
  8972 | D:9      | Received a gift from Okawaru
  9026 | D:9      | Noticed a deep elf pyromancer
  9039 | D:9      | Killed a deep elf pyromancer
  9179 | D:10     | Entered Level 10 of the Dungeon
  9303 | D:10     | Found a shadowy altar of Dithmenos.
  9370 | D:10     | Reached skill level 14 in Axes
  9667 | D:10     | Noticed Maurice
  9674 | D:10     | Maurice changed into Maurice the boggart
  9674 | D:10     | Noticed Maurice
  9679 | D:10     | Noticed a two-headed ogre
  9685 | D:10     | Noticed a two-headed ogre
  9687 | D:10     | Killed Maurice the boggart
  9973 | D:10     | Noticed Grum
 10018 | D:10     | Found a staircase to the Orcish Mines.
 10053 | D:10     | Found a burning altar of Makhleb.
 10115 | D:10     | Noticed Lodul
 10127 | D:10     | Killed Lodul
 10283 | D:10     | Noticed Nergalle
 10283 | D:10     | Noticed Erolcha
 10379 | D:11     | Noticed Fannar
 10392 | D:11     | Killed Fannar
 10392 | D:11     | Received a gift from Okawaru
 10504 | D:7      | Found the necklace of Bloodlust {Fury *Rage Will++ Int-3
                  | Slay+6}
 10528 | D:7      | Identified the +4 war axe of Animal Spirits {flame, Will+
                  | rCorr}
 10640 | D:10     | Killed Nergalle
 10641 | D:10     | Reached XP level 12. HP: 66/82 MP: 9/16
 10643 | D:10     | Killed Erolcha
 11162 | D:11     | Received a gift from Okawaru
 11359 | D:12     | Identified a scroll of acquirement
 11360 | D:12     | Acquired the ring of Aphoj {Will+ Stlth+}
 11393 | D:12     | Noticed a centaur warrior
 11402 | D:12     | Noticed a boulder beetle
 11848 | D:12     | Killed a centaur warrior
 12010 | D:12     | Killed a boulder beetle
 12066 | D:12     | Received a gift from Okawaru
 12101 | D:12     | Reached skill level 15 in Axes
 12254 | D:12     | Noticed a two-headed ogre
 12266 | D:12     | Killed a two-headed ogre
 12395 | D:12     | Received a gift from Okawaru
 12647 | D:12     | Reached XP level 13. HP: 77/90 MP: 15/18
 13116 | D:13     | Received a gift from Okawaru
 13602 | D:13     | Found Vunetiy's Assorted Antiques.
 13613 | D:13     | Bought a scroll of identify for 56 gold pieces
 13613 | D:13     | Bought a scroll labelled XUGOTS RIRUKA for 28 gold pieces
 13687 | D:13     | Found a gate to the Vaults.
 13698 | D:13     | Reached skill level 10 in Fighting
 14085 | D:10     | Killed Grum
 14207 | Lair:1   | Entered Level 1 of the Lair of Beasts
 14387 | Lair:1   | Received a gift from Okawaru
 14530 | Lair:1   | Reached skill level 1 in Stealth
 14694 | Lair:1   | Reached ****** piety under Okawaru
 14790 | Lair:1   | Acquired the +9 broad axe of Growth {freeze, rF+ Str+3
                  | Dex-5}
 14790 | Lair:1   | Received a gift from Okawaru
 14793 | Lair:1   | Acquired the +0 mask of the Dragon {Will+ Slay+3 SInv}
 14793 | Lair:1   | Received a gift from Okawaru
 14793 | Lair:1   | Found the +0 mask of the Dragon {Will+ Slay+3 SInv}
 15091 | Lair:2   | Reached skill level 16 in Axes
 15157 | Lair:2   | Found a staircase to the Shoals.
 15413 | Lair:2   | Received a gift from Okawaru
 15659 | Lair:2   | Noticed Sonja
 15662 | Lair:2   | Killed Sonja
 15687 | Lair:2   | Reached skill level 17 in Axes
 15687 | Lair:2   | Reached XP level 14. HP: 97/99 MP: 20/20
 15978 | Lair:3   | Found a staircase to the Snake Pit.
 16119 | Lair:3   | Received a gift from Okawaru
 16429 | Lair:3   | Reached skill level 18 in Axes
 17369 | Lair:4   | Found a staircase to the Slime Pits.
 17725 | Lair:4   | Found a runed translucent door.
 17726 | Lair:4   | Noticed Bacajoge's ghost (journeyman MeRe)
 17951 | Lair:5   | Entered Level 5 of the Lair of Beasts
 18299 | Lair:5   | Noticed a dire elephant
 18299 | Lair:5   | Noticed a dire elephant
 18300 | Lair:5   | Noticed a dire elephant
 18412 | Lair:5   | Killed a dire elephant
 18417 | Lair:5   | Killed a dire elephant
 18432 | Lair:5   | Killed a dire elephant
 18725 | Lair:5   | Reached XP level 15. HP: 96/108 MP: 21/21
 18991 | Lair:5   | Reached skill level 10 in Dodging
 19707 | Orc:1    | Entered Level 1 of the Orcish Mines
 19714 | Orc:1    | Reached skill level 10 in Shields
 20000 | Orc:2    | Entered Level 2 of the Orcish Mines
 20110 | Orc:1    | Received a gift from Okawaru
 20125 | Orc:2    | Reached skill level 5 in Stealth
 20165 | Orc:2    | Found a staircase to the Elven Halls.
 20203 | Orc:2    | Found Roytoak's Weapon Boutique.
 20203 | Orc:2    | Found Ucsovaxa's Distillery.
 20205 | Orc:2    | Found Zaasmyt's Distillery.
 20207 | Orc:2    | Found Bonk's Book Shop.
 20701 | Orc:2    | Bought 2 potions of berserk rage for 160 gold pieces
 20701 | Orc:2    | Bought a potion of curing for 48 gold pieces
 20701 | Orc:2    | Bought a potion of magic for 128 gold pieces
 20701 | Orc:2    | Bought a potion of might for 64 gold pieces
 20701 | Orc:2    | Bought a potion of heal wounds for 80 gold pieces
 20812 | D:13     | Bought a potion of curing for 84 gold pieces
 20812 | D:13     | Bought a scroll of teleportation for 84 gold pieces
 20812 | D:13     | Bought a scroll of silence for 266 gold pieces
 21001 | Shoals:1 | Entered Level 1 of the Shoals
 21234 | Shoals:1 | Acquired 842 gold pieces
 21366 | Shoals:1 | Noticed a kraken
 21375 | Shoals:1 | Killed a kraken
 21875 | Shoals:2 | Found a frozen archway.
 21893 | Shoals:2 | Noticed Ilsuiw
 21914 | Shoals:2 | Killed Ilsuiw
 21937 | Shoals:2 | Received a gift from Okawaru
 21974 | IceCv    | Entered an ice cave
 22229 | IceCv    | Reached XP level 16. HP: 117/117 MP: 22/22
 22305 | IceCv    | Noticed a rockslime
 22309 | IceCv    | Found a viscous altar of Jiyva.
 22309 | IceCv    | Noticed an azure jelly
 22312 | IceCv    | Noticed an azure jelly
 22312 | IceCv    | Noticed an azure jelly
 22317 | IceCv    | Killed a rockslime
 22322 | IceCv    | Killed an azure jelly
 22322 | IceCv    | Received a gift from Okawaru
 22324 | IceCv    | Killed an azure jelly
 22326 | IceCv    | Killed an azure jelly
 22373 | IceCv    | Got a dog-eared book
 23142 | Shoals:3 | Received a gift from Okawaru
 23217 | Shoals:3 | Noticed Donald
 23232 | Shoals:3 | Killed Donald
 23258 | Shoals:3 | Reached skill level 10 in Stealth
 23425 | Shoals:3 | Found a flickering gateway to a bazaar.
 23438 | Bazaar   | Entered a bazaar
 23438 | Bazaar   | Found Afrenna's Antique Weapon Shoppe.
 23438 | Bazaar   | Found Duffes's Book Boutique.
 23438 | Bazaar   | Found Kaus's Jewellery Shoppe.
 23438 | Bazaar   | Found Mejetwe's Armour Shop.
 23446 | Bazaar   | Found Fitzag's Weapon Emporium.
 23446 | Bazaar   | Found Veja's Magic Scroll Shop.
 23459 | Bazaar   | Bought a scroll of blinking for 82 gold pieces
 23459 | Bazaar   | Bought a scroll of teleportation for 33 gold pieces
 23459 | Bazaar   | Bought a scroll of revelation for 82 gold pieces
 23465 | Bazaar   | Bought a book of Blood for 252 gold pieces
 23468 | Bazaar   | Learned a level 2 spell: Wereblood
 23476 | Bazaar   | Bought a ring of protection from cold for 275 gold pieces
 23476 | Bazaar   | Bought the ring "Wifew" {rF+ Int+6} for 550 gold pieces
 23868 | Shoals:3 | Noticed Nikola
 23883 | Shoals:3 | Killed Nikola
 23884 | Shoals:3 | Reached skill level 1 in Transmutations
 24241 | Shoals:4 | Entered Level 4 of the Shoals
 24247 | Shoals:4 | Reached skill level 1 in Spellcasting
 24544 | Shoals:4 | Received a gift from Okawaru
 24552 | Shoals:4 | Noticed a kraken
 24577 | Shoals:4 | Reached skill level 15 in Shields
 24577 | Shoals:4 | Reached XP level 17. HP: 118/123 MP: 20/23
 24642 | Shoals:4 | Killed a kraken
 24793 | Shoals:4 | Identified the +0 ring mail of Xuantotz {Int+6}
 24925 | Shoals:4 | Noticed a sphinx
 24925 | Shoals:4 | Noticed Louise
 24982 | Shoals:3 | HP: 1/123 [satyr/arrow (19)]
 24982 | Shoals:3 | Shot with a sling bullet by a faun

Illustrated notes

Levels and vault maps discovered:
D:1:      saegor_arrival_simple_a, layout_basic
D:2:      layout_basic, kennysheep_generic_room_5, uniq_crazy_yiuf_cottage,
          uniq_terence, uniq_sigmund
D:3:      layout_basic, zin_scriptorium,
          hellmonk_ecumenical_altar_leap_of_faith, grunt_decor_one_mirror
D:4:      minmay_bubble_buster, layout_cave_pools,
          corexii_item_surrounded_by_moat
D:5:      layout_basic, jmf_multi_god_temple2, uniq_eustachio, uniq_ijyb,
          uniq_blork_the_orc
D:6:      layout_basic, mainiacjoe_overflow_cross_hatched,
          mainiacjoe_overflow_large_starburst, minmay_temple_entry_wispy
D:7:      statuecave_lemuel, layout_basic, uniq_jeremiah, uniq_maggie
D:8:      layout_loops_ring, nicolae_tso_besieged_by_evil, david_lair_generic,
          serial_rivers, chequers_serial_rivers_micro_d,
          chequers_serial_rivers_small_a, chequers_serial_rivers_micro_b,
          chequers_serial_rivers_micro_d, chequers_serial_rivers_small_3,
          chequers_serial_rivers_micro_a, corexii_hall_statues_x,
          corner_web_ring
D:9:      layout_long_grid, minmay_curled_crystal
D:10:     layout_gridville, nicolae_dithmenos_shadow_blocks, bloody_makhleb,
          orc_0_dummy, uniq_grum, uniq_lodul, uniq_maurice, uniq_nergalle,
          uniq_erolcha
D:11:     layout_roguey, uniq_fannar
D:12:     layout_roguey [special_room_orc], minmay_diced_spiral
D:13:     layout_basic, hellmonk_vaults_attempted_burglary, serial_shops,
          nicolae_shop_tiny_glass
Lair:1:   layout_regular_city
Lair:2:   layout_regular_city, nicolae_shoals_entry_roost, grunt_megastairs_3,
          uniq_sonja
Lair:3:   layout_long_grid, guppyfry_snake_entry_island
Lair:4:   layout_roguey, minmay_slime_entry_pillars, gammafunk_ghost_grave,
          kennysheep_catoblepas_arena, infiniplex_staircase_pool_2
Lair:5:   due_jungle_book, layout_gridlike
Shoals:1: layout_shoals, nicolae_shoals_lost_giant_temple
Shoals:2: layout_shoals, portal_ice_cave_entry_ice_statue_two, uniq_ilsuiw
Shoals:3: layout_shoals, serial_shops, bzr_firewalk, abandoned_shop,
          nicolae_shoals_wave_tunnel, uniq_nikola, uniq_donald
Shoals:4: shoals_end_hellmonk_lost_city, uniq_louise
Orc:1:    layout_diamond_mine, basic_altar, ebering_ghost_reflecting_pool
Orc:2:    st_orc_rangers, layout_caves

Skill      XL: |  1  2  3  4  5  6  7  8  9 10 11 12 13 14 15 16 17 |
---------------+----------------------------------------------------+-----
Axes           | 3 4 6 7 9 11 12 13 14 15 17 18 | 18.0
Invocations    | 2 4 6 7 8 |  8.2
Fighting       | 4 6 7 9 10 12 13 | 13.5
Shields        | 4 5 6 7 8 9 12 15 | 15.2
Dodging        | 4 5 6 7 8 9 10 11 | 11.2
Stealth        | 1 4 7 11 | 11.3
Transmutations | 1 2 |  2.7
Spellcasting   | 1 2 |  2.2

Action                     |  1- 3 |  4- 6 |  7- 9 | 10-12 | 13-15 | 16-18 || total
---------------------------+-------+-------+-------+-------+-------+-------++-------
  Melee: War axe           |    45 |    74 |   106 |   379 |   158 |       ||   762
         Tentacles         |    10 |    18 |    23 |   103 |   213 |   127 ||   494
         Constrict         |     9 |    21 |    20 |    38 |    83 |    67 ||   238
         Punch             |       |     1 |     2 |    13 |    18 |    16 ||    50
         Flail             |       |       |    49 |       |       |       ||    49
         Broad axe         |       |       |       |       |   642 |   360 ||  1002
  Throw: Javelin           |       |     2 |    19 |     7 |       |       ||    28
         Dart              |       |       |     1 |    16 |     4 |     2 ||    23
 Invoke: Heroism           |       |       |       |    12 |    13 |    15 ||    40
         Finesse           |       |       |       |     2 |     5 |     4 ||    11
         Receive Weapon    |       |       |       |       |     1 |       ||     1
         Receive Armour    |       |       |       |       |     1 |       ||     1
  Evoke: Wand              |       |       |     4 |    12 |     7 |       ||    23
    Use: Potion            |       |     1 |     9 |       |     2 |     3 ||    15
         Scroll            |       |       |     6 |    11 |     9 |     7 ||    33
   Stab: Sleeping          |     9 |     2 |     6 |     3 |    27 |     7 ||    54
         Invisible         |       |       |     2 |       |       |       ||     2
         Distracted        |       |       |       |     1 |     1 |       ||     2
 Armour: Skin              |    15 |    39 |   193 |   105 |   209 |   140 ||   701
  Dodge: Dodged            |    20 |    43 |   107 |   191 |   546 |   267 ||  1174
  Block: Buckler           |     7 |    15 |    35 |     7 |       |       ||    64
         Kite shield       |       |       |       |   106 |   361 |   245 ||   712

Table legend: (Time is in decaauts)
 A = Elapsed time spent in this place.
 B = Non-inter-level travel time spent in this place.
 C = Inter-level travel time spent in this place.
 D = Time resting spent in this place.
 E = Time spent auto-exploring this place.
 F = Levels seen in this place.
 G = Mean time per level.
                   A        B        C        D        E       F      G
               +--------+--------+--------+--------+--------+-----+--------+
         Total |  24732 |  22973 |   1759 |   4044 |  13519 |  26 |  951.2 |
       Dungeon |  14457 |  13213 |   1244 |   2859 |   7542 |  13 | 1112.1 |
          Lair |   5404 |   5055 |    349 |    366 |   3787 |   5 | 1080.8 |
        Shoals |   3304 |   3221 |     83 |    620 |   1476 |   4 |  826.0 |
  Orcish Mines |   1020 |    937 |     83 |    119 |    558 |   2 |  510.0 |
        Bazaar |     76 |     76 |      0 |      0 |     24 |   1 |   76.0 |
      Ice Cave |    468 |    468 |      0 |     79 |    132 |   1 |  468.0 |
               +--------+--------+--------+--------+--------+-----+--------+

Top non-repeatable levels by time:
    D:12: 1671 daAuts
  Lair:5: 1470 daAuts
     D:8: 1463 daAuts
     D:7: 1435 daAuts
    D:10: 1432 daAuts
     D:9: 1317 daAuts
     D:2: 1252 daAuts
Shoals:3: 1251 daAuts
  Lair:3: 1147 daAuts
     D:5: 1049 daAuts
  Lair:2: 1000 daAuts
    D:13: 932 daAuts
  Lair:4: 907 daAuts
     D:4: 902 daAuts
  Lair:1: 880 daAuts
